 Dungeon Crawl Stone Soup version 0.30-a0-1114-gd936c97349 (webtiles) character file.

Game seed: 14316945851623899949

30 CrazyBamboolord the Cutter (level 3, -1/24 HPs)
             Began as a Kobold Chaos Knight on Apr 21, 2023.
             Was a Plaything of Xom.
             Slain by a quasit (4 damage)
             ... summoned by Xom
             ... on level 2 of the Dungeon.
             The game lasted 00:02:29 (1218 turns).

CrazyBamboolord the Cutter (Kobold Chaos Knight)    Turns: 1218, Time: 00:02:30

Health: -1/24      AC:  5    Str:  9      XL:     3   Next: 37%
Magic:  3/3        EV: 14    Int: 13      God:    Xom [....*.]
Gold:   104        SH:  0    Dex: 14 (16) Spells: 2/2 levels left

rFire   . . .      SeeInvis .    a - +0 short sword (chaos)
rCold   . . .      Faith    .    (no shield)
rNeg    . . .      Spirit   .    b - +2 leather armour
rPois   .          Reflect  .    (no helmet)
rElec   .          Rampage  .    (no cloak)
rCorr   .                        (no gloves)
Will    .....                    (no boots)
Stlth   +++                      (no amulet)
HPRegen 0.24/turn                (no ring)
MPRegen 0.08/turn                (no ring)

@: attractive
A: small, no large weapons, nightstalker 3
a: Renounce Religion


You were on level 2 of the Dungeon.
You worshipped Xom.
You were a beloved toy of Xom.
You visited 1 branch of the dungeon, and saw 2 of its levels.

You collected 104 gold pieces.

Inventory:

Hand Weapons
 a - a +0 short sword of chaos (weapon)
Armour
 b - a +2 leather armour (worn)
Scrolls
 e - a scroll of identify {unknown}
 f - a scroll of fear {unknown}
 g - a scroll of enchant armour {unknown}
 h - a scroll of teleportation {unknown}
 j - a scroll of immolation {unknown}
Potions
 k - a potion of brilliance {unknown}
Miscellaneous
 c - a piece from Xom's chessboard (15/15) (quivered)


   Skills:
 * Level 3.7 Fighting
 * Level 4.7 Short Blades
 - Level 0.7 Armour
 * Level 2.7 Dodging
 * Level 1.2 Stealth
 * Level 0.2 Evocations


You had 2 spell levels left.
You didn't know any spells.
Your spell library was empty.

Dungeon Overview and Level Annotations

Branches:
Dungeon (2/15)

Altars:

Shops:
D:1 ?


Innate Abilities, Weirdness & Mutations

You are small and have problems with some larger weapons.
You are completely attuned to the shadows.


Message History

You are too injured to fight recklessly!
You are too injured to fight recklessly!
You are too injured to fight recklessly!
You are too injured to fight recklessly!
You are too injured to fight recklessly!
Unknown command.
The quasit closely misses you. The quasit claws you.
* * * LOW HITPOINT WARNING * * *
The quasit misses you. The quasit closely misses you.
The quasit claws you but does no damage.
The quasit misses you.
The quasit bites you but does no damage.
The quasit closely misses you. The quasit misses you.
The quasit barely misses you. The quasit closely misses you.
The quasit claws you.
* * * LOW HITPOINT WARNING * * *
Hit: a) +0 short sword (chaos)
Press: ? - help, Dir - move target, f - quasit
Aim: a quasit (lightly wounded, summoned, fast, strong, unusually agile, about 75% to evade your +0 short sword of chaos)
Okay, then.
Unknown command.
As you read the scroll labelled ELUGRO GIYCK, it crumbles to dust.
Your body is wracked with pain!
* * * LOW HITPOINT WARNING * * *
It was a scroll of torment.
Xom thinks this is hilarious!
The quasit misses you.
The quasit claws you but does no damage.
The quasit barely misses you.
Okay, then.
It was a potion of attraction.
You feel attractive to monsters.
Xom thinks this is hilarious!
The quasit barely misses you.
The quasit claws you but does no damage.
The quasit claws you.
* * * LOW HITPOINT WARNING * * *
The quasit bites you.
You die... "Boring in life, boring in death..."

#.#########.#########
#....................
###########.....#####
.........# # #.#
####.....# # #.#
####### # #.# #
#.################# #
#.55@.............# #
#################.# #
#.# # #.# # #.# # #.#
# #.# # #.# # #.# #


You could see an iron imp (summoned) and a quasit (summoned, fast, strong,
agile).

Vanquished Creatures
  4 endoplasms
  A giant cockroach (D:2)
  4 hobgoblins
  2 jackals (D:2)
  2 quokkas (D:1)
  A ball python (D:2)
  5 bats
  5 frilled lizards
  2 goblins
  2 rats (D:1)
28 creatures vanquished.

Notes
Turn   | Place    | Note
-------+----------+-------------------------------------------
     0 | D:1      | CrazyBamboolord the Kobold Chaos Knight began the quest for
                  | the Orb.
     0 | D:1      | Reached XP level 1. HP: 14/14 MP: 1/1
   117 | D:1      | Reached XP level 2. HP: 12/19 MP: 2/2
   131 | D:1      | XOM: silly message
   299 | D:1      | XOM: silly message
   377 | D:1      | XOM: divination: magic mapping
   379 | D:1      | XOM: silly message
   455 | D:1      | Found Ywnage's Magic Scroll Emporium.
   674 | D:1      | XOM: noise
   802 | D:1      | Found a faded altar of an unknown god.
   934 | D:2      | Reached skill level 1 in Stealth
   951 | D:2      | Reached XP level 3. HP: 21/24 MP: 3/3
  1193 | D:2      | XOM: silly message
  1201 | D:2      | XOM: summons 2 hostile demons
  1218 | D:2      | Slain by a quasit

Illustrated notes

Levels and vault maps discovered:
D:1:      saegor_arrival_simple_b, layout_loops_ring, serial_shops,
          nicolae_shop_rolled_up, basic_ecumenical_altar, minmay_distorted
D:2:      layout_basic, uniq_robin

Skill      XL: |  1  2 |
---------------+-------+-----
Stealth        | 1 |  1.2
Fighting       | |  3.7
Short Blades   | |  4.7
Armour         | |  0.7
Dodging        | |  2.7
Evocations     | |  0.2

Action                     || total
---------------------------++-------
  Melee: Short sword       ||    93
         Punch             ||     1
    Use: Scroll            ||     1
         Potion            ||     1
   Stab: Sleeping          ||     6
         Confused          ||     1
 Armour: Leather armour    ||    29
  Dodge: Dodged            ||    75

Table legend: (Time is in decaauts)
 A = Elapsed time spent in this place.
 B = Non-inter-level travel time spent in this place.
 C = Inter-level travel time spent in this place.
 D = Time resting spent in this place.
 E = Time spent auto-exploring this place.
 F = Levels seen in this place.
 G = Mean time per level.
                   A        B        C        D        E       F      G
               +--------+--------+--------+--------+--------+-----+--------+
         Total |   1197 |   1178 |     19 |      0 |    996 |   2 |  598.5 |
       Dungeon |   1197 |   1178 |     19 |      0 |    996 |   2 |  598.5 |
               +--------+--------+--------+--------+--------+-----+--------+

Top non-repeatable levels by time:
     D:1: 819 daAuts
     D:2: 377 daAuts
